 Dungeon Crawl Stone Soup version 0.22.1-1-ga44c0e5 (webtiles) character file.

3071 robertstho the Cleaver (level 9, -2/46 HPs)
             Began as a Vine Stalker Berserker on Oct 4, 2018.
             Was an Elder of Trog.
             Slain by an orc warrior
             ... wielding a cursed +0 dire flail
              (12 damage)
             ... on level 7 of the Dungeon.
             The game lasted 00:08:13 (4386 turns).

robertstho the Cleaver (Vine Stalker Berserker)     Turns: 4386, Time: 00:08:14

Health: -2/46      AC: 15    Str: 22    XL:     9   Next: 88%
Magic:  0/10       EV:  9    Int:  7    God:    Trog [****..]
Gold:   414        SH:  0    Dex: 15    Spells: 8/8 levels left

rFire    . . .     SeeInvis .   A - +0 war axe
rCold    . . .     Gourm    .   (no shield)
rNeg     . . .     Faith    .   w - +0 chain mail
rPois    +         Spirit   +   q - +2 helmet
rElec    .         Reflect  .   p - +1 cloak
rCorr    .         Harm     .   (no gloves)
MR       +....                  (no boots)
Stlth    ..........             (no amulet)
HPRegen  0.55/turn              l - ring of poison resistance
MPRegen  0.12/turn              b - +3 ring of slaying

@: berserk cooldown, slowed, very slow
A: fangs 3, regeneration 1, magic shield, antimagic bite, no potion heal 3, rot
immunity
a: Berserk, Trog's Hand, Brothers in Arms, Renounce Religion


You were on level 7 of the Dungeon.
You worshipped Trog.
Trog was greatly pleased with you.
You were hungry.

You visited 1 branch of the dungeon, and saw 7 of its levels.

You collected 414 gold pieces.

Inventory:

Hand Weapons
 z - a +1 whip of holy wrath
 A - a +0 war axe (weapon)
Missiles
 a - a throwing net (quivered)
Armour
 p - a +1 cloak (worn)
 q - a +2 helmet (worn)
 w - a +0 chain mail (worn)
Jewellery
 b - a +3 ring of slaying (right hand)
 l - a ring of poison resistance (left hand)
 u - an uncursed ring of flight
 v - a +3 ring of strength
 y - an uncursed ring of magical power
Wands
 f - a wand of digging (9)
 D - a wand of disintegration (15)
Scrolls
 g - 2 scrolls of magic mapping {unknown}
 h - 3 scrolls of remove curse
 i - 3 scrolls of fear {unknown}
 j - 2 scrolls of amnesia {unknown}
 k - 3 scrolls of teleportation {unknown}
 o - 2 scrolls of fog {unknown}
 t - a scroll of enchant weapon {unknown}
 C - a scroll of random uselessness {unknown}
Potions
 d - 3 potions of degeneration {unknown}
 e - a potion of cancellation
 m - 2 potions of mutation
 n - a potion of curing
 r - a potion of haste {unknown}
 s - a potion of lignification
 x - a potion of resistance
Comestibles
 c - 6 rations
 B - 8 chunks of flesh


   Skills:
 + Level 4.8 Fighting
 * Level 10.0 Axes
 * Level 5.3 Armour
 + Level 3.0 Dodging
 + Level 1.2 Stealth


You had 8 spell levels left.
You didn't know any spells.
Your spell library was empty.

Dungeon Overview and Level Annotations

Branches:
Dungeon (7/15)             Temple (0/1) D:5

Altars:
Cheibriados
Fedhas
Makhleb
Okawaru
Sif Muna
Uskayaw
Wu Jian

Shops:
D:4 %   D:6 %


Innate Abilities, Weirdness & Mutations

You have razor-sharp teeth.
Your natural rate of healing is unusually fast.
When hurt, damage is shared between your health and your magic reserves.
Your bite disrupts and absorbs the magic of your enemies.
Potions cannot restore your health.
You are immune to rotting.


Message History

The orc warrior is moderately wounded.
You hit the orc wizard. The orc wizard closely misses you.
The orc warrior hits you with a dire flail!!
The orc wizard gestures at you while chanting.
The magic dart hits you!
You slash the orc wizard!
You kill the orc wizard!
Trog accepts your kill.
Trog appreciates your killing of a magic user.
Your Dodging skill increases to level 3!
You hit the orc warrior.
The orc warrior hits you with a dire flail!!
* * * LOW HITPOINT WARNING * * *
Okay, then.
Okay, then.
Your two-headed ogre goes berserk!
You are feeling hungry.
The orc warrior hits you but does no damage.
The orc warrior hits you with a dire flail!
You die...

############
#..........#
#.)........#
#..........#
#..........#
#..........#
#...O@o....#
#....).....#
####.####'############
........†..)))......
#.#.####.############
#.#.#................
# #.#.##.############
#.# #...)).......<.
#...)##########


You could see an orc warrior and a friendly two-headed ogre (berserk).

Vanquished Creatures
  The ghost of hawla the Chopper, a novice HOMo of Beogh (D:5)
  The ghost of LordUnchemael the Stinger, a novice FoVM of Vehumet (D:5)
  The ghost of Fang the Chopper, a novice GrBe of Trog (D:5)
  Sigmund (D:6)
  A water moccasin (D:6)
  An ice beast (D:6)
  A sky beast (D:6)
  An ogre (D:6)
  3 centaurs
  3 bullfrogs (D:6)
  4 killer bees (D:7)
  5 wights (D:7)
  A howler monkey (D:6)
  2 crimson imps
  A bullfrog zombie (D:6)
  2 orc priests
  2 bullfrog skeletons
  3 hounds
  2 jellies (D:6)
  Terence (D:2)
  7 orc wizards
  4 worker ants
  A hound zombie (D:6)
  A worker ant zombie (D:5)
  4 adders
  2 shadow imps
  An ooze (D:2)
  An adder skeleton (D:6)
  3 worms
  A dart slug (D:2)
  2 leopard geckos
  8 orcs
  4 bats
  2 giant cockroaches
  9 goblins
  8 hobgoblins
  4 jackals (D:6)
  2 quokkas
  4 frilled lizards
  3 kobolds
  8 rats
116 creatures vanquished.

Vanquished Creatures (others)
  2 withered plants (D:5)
2 creatures vanquished.

Grand Total: 118 creatures vanquished

Notes
Turn   | Place    | Note
-------+----------+-------------------------------------------
     0 | D:1      | robertstho the Vine Stalker Berserker began the quest for
                  | the Orb.
     0 | D:1      | Reached XP level 1. HP: 11/11 MP: 2/2
   249 | D:1      | Reached skill level 3 in Axes
   249 | D:1      | Reached XP level 2. HP: 16/16 MP: 3/3
   593 | D:2      | Reached XP level 3. HP: 9/19 MP: 4/4
   823 | D:2      | Gained mutation: Your natural rate of healing is unusually
                  | fast. [Vine Stalker growth]
   823 | D:2      | Reached XP level 4. HP: 17/24 MP: 5/5
   969 | D:2      | Noticed Terence
   982 | D:2      | Killed Terence
  1152 | D:2      | Reached ** piety under Trog
  1399 | D:3      | Reached skill level 4 in Axes
  1399 | D:3      | Reached XP level 5. HP: 26/28 MP: 6/6
  1425 | D:3      | Found an ornate altar of the Wu Jian Council.
  1425 | D:3      | Found an iron altar of Okawaru.
  1880 | D:3      | Reached XP level 6. HP: 31/32 MP: 7/7
  2034 | D:4      | Found a hide-covered altar of Uskayaw.
  2034 | D:4      | Found a burning altar of Makhleb.
  2036 | D:4      | Found a blossoming altar of Fedhas.
  2036 | D:4      | Found a snail-covered altar of Cheibriados.
  2055 | D:4      | Found Nerotu's Food Shop.
  2199 | D:4      | Reached skill level 5 in Axes
  2790 | D:5      | Entered Level 5 of the Dungeon
  2836 | D:5      | Reached XP level 7. HP: 19/37 MP: 4/8
  2857 | D:5      | Reached *** piety under Trog
  2969 | D:5      | Found a runed gate.
  2969 | D:5      | Found a runed gate.
  2969 | D:5      | Found a runed gate.
  2969 | D:5      | Noticed Fang's ghost (novice GrBe)
  2969 | D:5      | Noticed LordUnchemael's ghost (novice FoVM)
  3088 | D:5      | Found a staircase to the Ecumenical Temple.
  3115 | D:5      | Noticed hawla's ghost (novice HOMo)
  3437 | D:5      | Killed Fang's ghost
  3437 | D:5      | Reached skill level 6 in Axes
  3440 | D:5      | Killed LordUnchemael's ghost
  3440 | D:5      | Gained mutation: You have razor-sharp teeth. [Vine Stalker
                  | growth]
  3440 | D:5      | Reached XP level 8. HP: 42/42 MP: 9/9
  3453 | D:5      | Killed hawla's ghost
  3453 | D:5      | Reached skill level 7 in Axes
  3453 | D:5      | Reached skill level 1 in Stealth
  3501 | D:6      | Noticed Sigmund
  3507 | D:6      | Killed Sigmund
  3508 | D:6      | Reached skill level 8 in Axes
  3508 | D:6      | Reached XP level 9. HP: 46/46 MP: 10/10
  3648 | D:6      | Reached skill level 5 in Armour
  3712 | D:6      | Found Zitay's Food Shoppe.
  3781 | D:6      | Reached skill level 9 in Axes
  4092 | D:6      | Found a deep blue altar of Sif Muna.
  4335 | D:7      | Reached **** piety under Trog
  4361 | D:7      | Reached skill level 10 in Axes
  4386 | D:7      | Slain by an orc warrior

Skill      XL: |  1  2  3  4  5  6  7  8  9 |
---------------+----------------------------+-----
Axes           | 3 4 5 6 8 10 | 10.0
Fighting       | 3 4 |  4.8
Armour         | 2 3 4 5 |  5.3
Dodging        | 2 3 |  3.0
Stealth        | 1 |  1.2

Action                   |  1- 3 |  4- 6 |  7- 9 || total
-------------------------+-------+-------+-------++-------
Melee: Hand axe          |    45 |   118 |       ||   163
       Bite              |     9 |    55 |    42 ||   106
       War axe           |       |    36 |   149 ||   185
Invok: Berserk           |       |     1 |     3 ||     4
       Brothers in Arms  |       |       |     1 ||     1
  Use: Scroll            |       |     8 |     2 ||    10
  Eat: Chunk             |       |     7 |     4 ||    11
       Ration            |       |       |     1 ||     1
Armor: Animal skin       |     1 |       |       ||     1
       Ring mail         |    17 |       |       ||    17
       Scale mail        |       |    65 |       ||    65
       Chain mail        |       |     6 |    78 ||    84
Dodge: Dodged            |    35 |    99 |    70 ||   204
